 Dungeon Crawl Stone Soup version 0.21.0-25-ge575cb9 (webtiles) character file.

759 SedStubbie the Covered (level 7, 0/58 HPs)
             Began as a Barachi Fighter on Jan 23, 2018.
             Succumbed to a gnoll sergeant's poison
             ... on level 5 of the Dungeon.
             The game lasted 00:12:01 (3839 turns).

SedStubbie the Covered (Barachi Fighter)            Turns: 3839, Time: 00:12:02

Health: 0/58       AC:  8    Str: 19    XL:     7   Next: 80%
Magic:  7/7        EV: 12    Int:  9    God:
Gold:   257        SH: 10    Dex: 18    Spells: 6/6 levels left

rFire    . . .     SeeInvis .   a - +1 flail
rCold    . . .     Gourm    .   c - +0 shield
rNeg     + . .     Faith    .   m - +1 pearl dragon scales
rPois    .         Spirit   .   (no helmet)
rElec    .         Reflect  .   (no cloak)
rCorr    .         Harm     .   (no gloves)
MR       .....                  (no boots)
Stlth    +.........             (no amulet)
HPRegen  0.19/turn              (no ring)
MPRegen  0.10/turn              (no ring)

@: agile, lethally poisoned (0 -> -11), hasted, quick
A: +LOS, swims, agile 1, deformed body, slowness 1, strong legs 1
a: Hop


You were on level 5 of the Dungeon.
You were not hungry.

You visited 1 branch of the dungeon, and saw 5 of its levels.

You collected 257 gold pieces.

Inventory:

Hand Weapons
 a - a +1 flail (weapon)
Armour
 b - a +0 scale mail
 c - a +0 shield (worn)
 m - +1 pearl dragon scales (worn)
 p - a +1 chain mail of magic resistance
 q - a +0 large shield
Wands
 d - a wand of flame (3)
 r - a wand of disintegration (13)
Scrolls
 e - 6 scrolls of identify
 i - a scroll of teleportation
 o - 3 scrolls of remove curse
 s - a scroll of magic mapping
 v - a scroll of fear
 w - 2 scrolls of enchant weapon
Potions
 g - a potion of haste
 j - a potion of flight
 n - a potion of agility
 z - 2 potions of invisibility
Comestibles
 f - 12 rations


   Skills:
 + Level 6.1 Fighting
 + Level 5.0 Maces & Flails
 + Level 6.2 Armour
 + Level 5.6 Shields


You had 6 spell levels left.
You didn't know any spells.

Dungeon Overview and Level Annotations

Branches:
Dungeon (5/15)
 Temple: D:4-7

Altars:
Dithmenos
Sif Muna
The Shining One


Innate Abilities, Weirdness & Mutations

Shadows flee at your approach. (+LOS)
You can swim through water.
You cover ground slowly.
You can hop short distances.
You are agile. (Dex +2)
Armour fits poorly on your strangely shaped body.


Message History

* * * LOW HITPOINT WARNING * * *
You feel sick.
* * * LOW HITPOINT WARNING * * *
You feel sick.
* * * LOW HITPOINT WARNING * * *
You feel sick.
* * * LOW HITPOINT WARNING * * *
You feel sick.
* * * LOW HITPOINT WARNING * * *
You feel sick.
Okay, then.
* * * LOW HITPOINT WARNING * * *
You feel sick.
* * * LOW HITPOINT WARNING * * *
You feel sick.
* * * LOW HITPOINT WARNING * * *
You feel sick.
* * * LOW HITPOINT WARNING * * *
You feel sick.
You die...

### #.# #.# #.#
#######.## #.#
#....(...# #.#
#..####.<# #.#
#..## #..# #.#
#@..# #..# #.#
##.#.# ##.# #.#
##..#..# #.#
#.###..###..##.#
###.##..##.##..#..
#......##...##...#
#.#.g.#+..⌠..##..#
##..g.##..⌠.⌠..
#.. #...###
.⌠._.⌠. ##.


You could see a gnoll sergeant and a gnoll.

Vanquished Creatures
  An ice beast (D:3)
  A crimson imp (D:5)
  A centaur zombie (D:5)
  2 hounds
  2 jellies (D:3)
  A bullfrog skeleton (D:4)
  Ijyb (D:4)
  Terence (D:3)
  Natasha (twice) (D:3)
  3 worker ants (D:4)
  A hound skeleton (D:2)
  5 gnolls
  9 adders
  11 oozes
  2 leopard geckos
  8 orcs
  8 bats
  3 giant cockroaches (D:4)
  4 goblins
  7 hobgoblins
  2 jackals (D:4)
  3 quokkas
  A ball python (D:2)
  5 frilled lizards
  14 kobolds
  5 rats
103 creatures vanquished.

Vanquished Creatures (others)
  4 fungi
  11 toadstools (D:3)
15 creatures vanquished.

Grand Total: 118 creatures vanquished

Notes
Turn   | Place    | Note
-------+----------+-------------------------------------------
     0 | D:1      | SedStubbie the Barachi Fighter began the quest for the Orb.
     0 | D:1      | Reached XP level 1. HP: 18/18 MP: 1/1
   107 | D:1      | Reached XP level 2. HP: 25/25 MP: 2/2
   347 | D:2      | Found a faded altar of an unknown god.
   550 | D:2      | Reached XP level 3. HP: 27/30 MP: 3/3
   744 | D:2      | Reached XP level 4. HP: 11/37 MP: 4/4
  1288 | D:3      | Noticed Terence
  1307 | D:3      | Killed Terence
  1479 | D:3      | Noticed an ice beast
  1487 | D:3      | Killed an ice beast
  1487 | D:3      | Reached XP level 5. HP: 43/43 MP: 5/5
  1635 | D:3      | Found a deep blue altar of Sif Muna.
  1660 | D:3      | Reached skill level 5 in Armour
  1714 | D:3      | Reached XP level 6. HP: 35/50 MP: 6/6
  1940 | D:3      | Reached skill level 5 in Fighting
  2311 | D:3      | Noticed Natasha
  2337 | D:3      | Killed Natasha
  2448 | D:3      | Reached skill level 5 in Shields
  2469 | D:3      | Noticed Natasha
  2473 | D:3      | Killed Natasha
  2773 | D:4      | Reached XP level 7. HP: 53/56 MP: 7/7
  2804 | D:4      | Found a shadowy altar of Dithmenos.
  3552 | D:4      | Noticed Ijyb
  3559 | D:4      | Paralysed by Ijyb for 5 turns
  3566 | D:4      | Paralysed by Ijyb for 4 turns
  3573 | D:4      | Paralysed by Ijyb for 5 turns
  3581 | D:4      | Killed Ijyb
  3703 | D:4      | Gained mutation: Armour fits poorly on your strangely shaped body. [potion of mutation]
  3703 | D:4      | Gained mutation: You are agile. (Dex +2) [potion of mutation]
  3733 | D:5      | Entered Level 5 of the Dungeon
  3743 | D:5      | Reached skill level 5 in Maces & Flails
  3801 | D:5      | Found a glowing golden altar of the Shining One.
  3836 | D:5      | HP: 2/58 [poisoned by a gnoll sergeant]
  3839 | D:5      | Succumbed to a gnoll sergeant's poison

Skill      XL: |  1  2  3  4  5  6  7 |
---------------+----------------------+-----
Fighting       | 4 5 6 |  6.1
Armour         | 4 5 6 |  6.2
Maces & Flails | 3 4 5 |  5.0
Shields        | 4 5 |  5.6

Action                   |  1- 3 |  4- 6 |  7- 9 || total
-------------------------+-------+-------+-------++-------
Melee: Flail             |   110 |   195 |   170 ||   475
Evoke: Wand              |       |    10 |       ||    10
  Use: Scroll            |     1 |     8 |     1 ||    10
       Potion            |       |     4 |     8 ||    12
  Eat: Chunk             |       |     3 |     5 ||     8
       Ration            |       |     1 |       ||     1
Armor: Scale mail        |    29 |       |       ||    29
       Pearl dragon scal |    79 |    78 |    86 ||   243
Dodge: Dodged            |    48 |    50 |    40 ||   138
Block: Shield            |    83 |    89 |    85 ||   257
